 Dungeon Crawl Stone Soup version 0.31-a0-845-g9abc20d24f (webtiles) character file.

Game seed: 4024416362551877468

927 arglypuff the Ducker (level 8, -3/55 HPs)
             Began as a Djinni Hedge Wizard on Oct 1, 2023.
             Slain by an orc warrior
             ... wielding a +0 mace
              (11 damage)
             ... on level 5 of the Dungeon.
             The game lasted 00:12:21 (5694 turns).

arglypuff the Ducker (Djinni Hedge Wizard)          Turns: 5694, Time: 00:12:21

Health: -3/55      AC:  3    Str:  9    XL:     8   Next: 32%
Gold:   187        EV: 14    Int: 19    God:
                   SH:  0    Dex: 12

rFire   + + .        t - staff of death
rCold   x . .        (no shield)
rNeg    + . .        b - +0 robe
rPois   ∞            c - +1 hat
rElec   .            (no cloak)
rCorr   .            (no gloves)
SInv    .            (boots unavailable)
Will    .....        (no amulet)
Stlth   ++           (no ring)
HPRegen 0.29/turn    (no ring)
MPRegen 0.00/turn

%: infuse magic (-4 HP)
@: flying
A: sickness immunity, fire resistance 2, cold vulnerability 1, float, innate
caster, HP casting, extra vitality 1
a: no special abilities


You were on level 5 of the Dungeon.
You visited 1 branch of the dungeon, and saw 6 of its levels.
You also visited: Sewer.

You collected 187 gold pieces.

Inventory:

Hand Weapons
 a - a +0 dagger
 q - a +2 whip of venom
Armour
 b - a +0 robe (worn)
 c - a +1 hat (worn)
 l - an orb of light
Magical Staves
 t - a staff of death (weapon)
Wands
 m - a wand of charming (14)
 r - a wand of roots (6)
Scrolls
 j - 2 scrolls of vulnerability
 k - 5 scrolls of identify
 p - 2 scrolls of immolation {unknown}
 s - 2 scrolls of teleportation {unknown}
Potions
 d - a potion of invisibility
 e - 3 potions of magic {unknown}
 f - a potion of brilliance {unknown}
 g - a potion of might {unknown}
 h - a potion of heal wounds {unknown}
 i - a potion of curing {unknown}
 n - a potion of mutation {unknown}
 o - 2 potions of cancellation {unknown}
 u - a potion of berserk rage {unknown}
 v - a potion of haste {unknown}


   Skills:
 + Level 2.8 Fighting
 + Level 5.5 Dodging
 + Level 4.1 Stealth
 + Level 5.0 Spellcasting
 + Level 5.0 Conjurations
 + Level 5.0 Hexes
 + Level 5.0 Summonings
 + Level 5.0 Necromancy
 + Level 5.0 Translocations
 + Level 5.0 Transmutations
 + Level 5.0 Fire Magic
 + Level 5.0 Ice Magic
 + Level 5.0 Air Magic
 + Level 5.0 Earth Magic
 + Level 5.0 Poison Magic


You knew the following spells:

 Your Spells              Type           Power      Damage    Failure   Level
a - Magic Dart            Conj           96%        1d7       1%          1
b - Slow                  Hex            96%        N/A       1%          1
c - Blink                 Tloc           48%        N/A       2%          2
d - Call Imp              Summ           48%        N/A       2%          2
e - Mephitic Cloud        Conj/Pois/Air  24%        N/A       4%          3
f - Sting                 Tmut/Pois      96%        1d7       1%          1
g - Scorch                Fire           48%        2d7       2%          2
h - Inner Flame           Hex/Fire       24%        N/A       4%          3
Your spell library was empty.

Dungeon Overview and Level Annotations

Branches:
Dungeon (6/15)             Temple (0/1) D:4           Sewer (visited)

Altars:
Ashenzari

Annotations:
D:4 3 runed translucent doors, epsilonplus's ghost, amateur FoHu


Innate Abilities, Weirdness & Mutations

You are immune to sickness and miasma.
You are immune to poison.
Your flesh is very heat resistant. (rF++)
You are vulnerable to cold. (rC-)
You float through the air rather than walking.
You learn spells naturally, not from books.
Your magical power is your life essence.
You have superior vitality. (+4 MHP)


Message History

The orc warrior barely misses you. The white imp gestures at you.
The puff of frost hits you!
You feel a terrible chill! The white imp gestures at you.
The puff of frost hits you!
You feel a terrible chill!
Your cerulean imp barely misses the white imp.
The scorpion is no longer more vulnerable to fire.
The white imp barely misses your cerulean imp.
The orc warrior attacks as it pursues you!
The orc warrior misses you.
Your cerulean imp hits the white imp with a -2 spear.
Your cerulean imp barely misses the white imp.
Casting: Call Imp (safe; 2% risk of failure)
Confirm with . or Enter, or press ? or * to list all spells.
Flames lash the orc warrior.
The orc warrior is moderately wounded.
The orc warrior's fire resistance burns away.
The orc warrior closely misses you.
Your cerulean imp hits the white imp with a -2 spear.
Casting: Scorch (safe; 2% risk of failure)
Confirm with . or Enter, or press ? or * to list all spells.
Flames lash the ogre.
The ogre is moderately wounded.
The ogre's fire resistance burns away.
An orc priest comes into view. It is wielding a +0 dagger.
The orc warrior barely misses you.
The centaur closely misses your cerulean imp. x2
Your cerulean imp barely misses the white imp.
The orc warrior attacks as it pursues you!
The orc warrior hits you with a +0 mace!
* * * LOW HITPOINT WARNING * * *
The white imp gestures at you. The puff of frost hits you!
You feel a terrible chill!
* * * LOW HITPOINT WARNING * * *
The orc warrior is no longer more vulnerable to fire.
The orc warrior attacks as it pursues you!
The orc warrior barely misses you.
The orc warrior attacks as it pursues you!
The orc warrior hits you with a +0 mace!
You die...

###### #..... ##.....
###### ###### #......
###....## #....####.#####
#.......# #.##.#)..)###..
#.#.#..5#####.##.##.###...#
#.....#..o@...##.##.#.....#
#.#O#o##########.##...#.#.#
#...5s.#########.##....).)#
##....................#.#).
##>...##############.....#
###..o ####### .....
....... .........


You could see an orc warrior and a white imp.

Vanquished Creatures
  Eustachio (D:4)
  3 kobold brigands (Sewer)
  2 scorpions (D:5)
  A hound (D:5)
  2 jellies
  13 adders
  3 gnolls (D:5)
  2 river rats (Sewer)
  A white imp (D:5)
  A worm (D:2)
  2 dart slugs (D:2)
  An orc (D:5)
  9 endoplasms
  7 giant cockroaches
  8 goblins
  8 hobgoblins
  10 jackals
  2 quokkas
  11 ball pythons
  5 bats
  8 frilled lizards
  16 kobolds
  27 rats
143 creatures vanquished.

Vanquished Creatures (collateral kills)
  An ogre (D:5)
  An orc (D:4)
2 creatures vanquished.

Grand Total: 145 creatures vanquished

Notes
Turn   | Place    | Note
-------+----------+-------------------------------------------
     0 | D:1      | arglypuff the Djinni Hedge Wizard began the quest for the
                  | Orb.
     0 | D:1      | arglypuff set off with the following spells memorised:
                  | Magic Dart, Slow, Blink, Call Imp, Mephitic Cloud.
     0 | D:1      | Reached XP level 1. HP: 15/15 MP: 0/0
    70 | D:1      | Reached XP level 2. HP: 14/21 MP: 0/0
   400 | D:1      | Reached XP level 3. HP: 23/25 MP: 0/0
   400 | D:1      | Learned a level 1 spell: Sting
  1210 | D:2      | Reached XP level 4. HP: 29/31 MP: 0/0
  1494 | D:2      | Found a faded altar of an unknown god.
  2105 | D:3      | Found a broken altar of Ashenzari.
  2648 | D:3      | Reached XP level 5. HP: 34/35 MP: 0/0
  2648 | D:3      | Learned a level 2 spell: Scorch
  2718 | D:4      | Found a staircase to the Ecumenical Temple.
  2788 | D:4      | Found a runed translucent gate.
  2788 | D:4      | Found a runed translucent gate.
  2789 | D:4      | Found a runed translucent gate.
  2794 | D:4      | Noticed epsilonplus's ghost (amateur FoHu)
  2858 | D:4      | Found a glowing drain.
  2895 | D:4      | Noticed Eustachio
  2897 | Sewer    | Entered a sewer
  3037 | Sewer    | Noticed a kobold brigand
  3055 | Sewer    | Killed a kobold brigand
  3056 | Sewer    | Reached skill level 1 in Fighting
  3056 | Sewer    | Reached XP level 6. HP: 11/42 MP: 0/0
  3704 | Sewer    | Reached XP level 7. HP: 37/47 MP: 0/0
  3704 | Sewer    | Learned a level 3 spell: Inner Flame
  4004 | D:4      | Killed Eustachio
  4005 | D:4      | Reached skill level 5 in Dodging
  4868 | D:5      | Entered Level 5 of the Dungeon
  5001 | D:5      | Reached XP level 8. HP: 50/54 MP: 0/0
  5517 | D:5      | Reached skill level 5 in Spellcasting
  5517 | D:5      | Reached skill level 5 in Conjurations
  5517 | D:5      | Reached skill level 5 in Hexes
  5517 | D:5      | Reached skill level 5 in Summonings
  5517 | D:5      | Reached skill level 5 in Necromancy
  5517 | D:5      | Reached skill level 5 in Translocations
  5517 | D:5      | Reached skill level 5 in Transmutations
  5517 | D:5      | Reached skill level 5 in Fire Magic
  5517 | D:5      | Reached skill level 5 in Ice Magic
  5517 | D:5      | Reached skill level 5 in Air Magic
  5517 | D:5      | Reached skill level 5 in Earth Magic
  5517 | D:5      | Reached skill level 5 in Poison Magic
  5694 | D:5      | Slain by an orc warrior

Illustrated notes

Levels and vault maps discovered:
D:1:      lightli_arrival_flooded_house, layout_loops_ring, hex_large,
          minmay_misc_feat_enclosed, minmay_hexomino_u4
D:2:      layout_basic, shapermc_ecumenical_altar_mp_urbaneastern,
          kennysheep_generic_room_12
D:3:      layout_basic, nicolae_ashenzari_panopticon
D:4:      layout_cave_pods, temple_doors_e, gup_sewer_entry_glass,
          ebering_ghost_rock_garden, minmay_curled_crystal,
          minmay_strange_pillars, uniq_eustachio
D:5:      layout_basic, serial_glass, glass_columns_a, glass_columns_a
D:6:      layout_basic, chequers_serial_rivers_micro_c,
          amcnicky_mini_pool_small, kennysheep_another_room

Skill      XL: |  1  2  3  4  5  6  7  8 |
---------------+-------------------------+-----
Stealth        | 2 3 4 |  4.1
Dodging        | 3 4 5 |  5.5
Spellcasting   | 3 4 5 |  5.0
Conjurations   | 3 4 5 |  5.0
Hexes          | 3 4 5 |  5.0
Summonings     | 3 4 5 |  5.0
Necromancy     | 3 4 5 |  5.0
Translocations | 3 4 5 |  5.0
Transmutations | 3 4 5 |  5.0
Fire Magic     | 3 4 5 |  5.0
Ice Magic      | 3 4 5 |  5.0
Air Magic      | 3 4 5 |  5.0
Earth Magic    | 3 4 5 |  5.0
Poison Magic   | 3 4 5 |  5.0
Fighting       | 1 2 |  2.8

Action                     |  1- 3 |  4- 6 |  7- 9 || total
---------------------------+-------+-------+-------++-------
  Melee: Staff             |       |       |     2 ||     2
   Cast: Magic Dart        |    78 |   217 |    96 ||   391
         Call Imp          |       |     3 |     3 ||     6
         Sting             |       |       |     8 ||     8
         Mephitic Cloud    |       |       |     4 ||     4
         Scorch            |       |       |    12 ||    12
    Use: Scroll            |       |     6 |       ||     6
         Potion            |       |       |     1 ||     1
 Armour: Robe              |     5 |    29 |    29 ||    63
  Dodge: Dodged            |     5 |    38 |    30 ||    73

Table legend: (Time is in decaauts)
 A = Elapsed time spent in this place.
 B = Non-inter-level travel time spent in this place.
 C = Inter-level travel time spent in this place.
 D = Time resting spent in this place.
 E = Time spent auto-exploring this place.
 F = Levels seen in this place.
 G = Mean time per level.
                   A        B        C        D        E       F      G
               +--------+--------+--------+--------+--------+-----+--------+
         Total |   5692 |   5455 |    237 |    715 |   3773 |   7 |  813.1 |
       Dungeon |   4609 |   4372 |    237 |    466 |   3162 |   6 |  768.2 |
         Sewer |   1083 |   1083 |      0 |    249 |    611 |   1 | 1083.0 |
               +--------+--------+--------+--------+--------+-----+--------+

Top non-repeatable levels by time:
     D:2: 1137 daAuts
     D:4: 1097 daAuts
   Sewer: 1083 daAuts
     D:1: 910 daAuts
     D:5: 647 daAuts
     D:3: 637 daAuts
     D:6: 178 daAuts
